 Dungeon Crawl Stone Soup version 0.23.2-1-ga50397a (webtiles) character file.

Game seed: 4604430847988074304

68 Kairos the Insei (level 4, -5/28 HPs)
             Began as an Octopode Transmuter on Apr 25, 2019.
             Slain by Crazy Yiuf
             ... wielding a +4 quarterstaff of chaos
              (10 damage)
             ... on level 2 of the Dungeon.
             The game lasted 00:02:06 (1498 turns).

Kairos the Insei (Octopode Transmuter)              Turns: 1498, Time: 00:02:06

Health: -5/28      AC:  1    Str: 10    XL:     4   Next: 19%
Magic:  6/7        EV: 13    Int: 15    God:
Gold:   107        SH:  0    Dex: 12    Spells: 6/7 levels left

rFire    . . .     SeeInvis .     - Unarmed
rCold    . . .     Gourm    .   (no shield)
rNeg     . . .     Faith    .   (helmet restricted)
rPois    .         Spirit   .   (no amulet)
rElec    .         Reflect  .   (no ring)
rCorr    .         Harm     .   (no ring)
MR       .....                  (no ring)
Stlth    +++.......             (no ring)
HPRegen  0.09/turn              (no ring)
MPRegen  0.10/turn              (no ring)
                                (no ring)
                                (no ring)

@: appendage
A: almost no armour, stealthy swim, amphibious, 8 rings, constrict 8, tentacle
spike 3, camouflage 1, gelatinous body 1
a: End Transformation


You were on level 2 of the Dungeon.
You were not hungry.
One of your tentacles had a temporary spike.
You visited 1 branch of the dungeon, and saw 2 of its levels.

You collected 107 gold pieces.

Inventory:

Missiles
 a - 12 arrows
 g - 2 throwing nets (quivered)
Scrolls
 b - 3 scrolls of remove curse {unknown}
 e - 3 scrolls of identify {unknown}
 h - a scroll of fear {unknown}
 i - a scroll of teleportation {unknown}
 k - a scroll of noise {unknown}
 m - a scroll of magic mapping {unknown}
 n - a scroll of random uselessness {unknown}
 o - a scroll of immolation {unknown}
 r - a scroll of fog {unknown}
Potions
 d - 3 potions of brilliance {unknown}
 f - a potion of flight {unknown}
 j - 3 potions of curing {unknown}
 l - a potion of resistance {unknown}
 q - a potion of heal wounds {unknown}
Comestibles
 c - 5 rations


   Skills:
 + Level 1.0 Fighting
 + Level 2.4 Dodging
 + Level 1.0 Stealth
 + Level 3.9 Unarmed Combat
 + Level 2.4 Spellcasting
 + Level 2.4 Transmutations


You had 6 spell levels left.
You knew the following spells:

 Your Spells              Type           Power        Failure   Level  Hunger
a - Beastly Appendage     Tmut           #.....       8%          1    #......

Your spell library contained the following spells:

 Spells                   Type           Power        Failure   Level  Hunger
 Sticks to Snakes         Tmut           #.......     12%         2    ###....
 Spider Form              Tmut/Pois      #.........   36%         3    ###....
 Ice Form                 Ice/Tmut       #.......     77%         4    #####..
 Blade Hands              Tmut           #.........   91%         5    ######.


Dungeon Overview and Level Annotations

Branches:
Dungeon (2/15)

Altars:

Annotations:
D:2 Crazy Yiuf


Innate Abilities, Weirdness & Mutations

You cannot wear most types of armour.
You are very stealthy in the water. (Stealth+)
You are amphibious.
You can wear up to eight rings at the same time.
You can use your tentacles to constrict eight enemies at once.
Your skin changes colour to match your surroundings (Stealth+).
Your rubbery body absorbs attacks. (AC +1, EV +1)
One of your tentacles bears a large vicious spike.


Message History

Found 15 stones.
Key pressed, stopping explore.
Key pressed, stopping explore.
Crazy Yiuf shouts!
Crazy Yiuf cries, "Mama!
Two broken stair."
Casting: Beastly Appendage (safe; 8% risk of failure)
Confirm with . or Enter, or press ? or * to list all spells.
One of your tentacles grows a vicious spike.
Crazy Yiuf laughs, "Fire foot sizzlefizz!"
You open the door.
Crazy Yiuf hits you with a +4 quarterstaff of chaos.
You are electrocuted!!
Ouch! That really hurt!
* * * LOW HITPOINT WARNING * * *
You closely miss Crazy Yiuf. You grab Crazy Yiuf. You constrict Crazy Yiuf.
You tentacle-slap Crazy Yiuf.
Crazy Yiuf is lightly wounded.
You constrict Crazy Yiuf, but do no damage.
Crazy Yiuf hits you with a +4 quarterstaff of chaos!
You die...

#<...######.
#.##........
#.##........
####........ #........
♣♣♣♣♣##........ ###
♣♣♣.♣............
#...#♣..♣.............
#...g@♣♣♣♣........####
#)..#♣♣ ♣♣....#.#####
### ♣♣####.##.##
#.##... #....##
#.##.## #......
#.##.## ####.##


You could see Crazy Yiuf.

Vanquished Creatures
  Jessica (D:2)
  An ooze (D:2)
  A worm (D:2)
  A leopard gecko (D:1)
  A giant cockroach (D:2)
  5 goblins
  3 hobgoblins
  4 jackals (D:1)
  5 kobolds
  A quokka (D:2)
  2 bats (D:1)
  4 frilled lizards
  4 rats
33 creatures vanquished.

Notes
Turn   | Place    | Note
-------+----------+-------------------------------------------
     0 | D:1      | Kairos the Octopode Transmuter began the quest for the Orb.
     0 | D:1      | Reached XP level 1. HP: 13/13 MP: 3/3
    97 | D:1      | Reached XP level 2. HP: 13/18 MP: 5/5
   585 | D:1      | Reached XP level 3. HP: 17/23 MP: 6/6
   939 | D:2      | Noticed Jessica
   950 | D:2      | Killed Jessica
   950 | D:2      | Reached XP level 4. HP: 24/28 MP: 7/7
  1225 | D:2      | Reached skill level 1 in Stealth
  1324 | D:2      | Found a runed translucent door.
  1325 | D:2      | Noticed Crazy Yiuf
  1498 | D:2      | Slain by Crazy Yiuf

Skill      XL: |  1  2  3  4 |
---------------+-------------+-----
Stealth        | 1 |  1.0
Fighting       | |  1.0
Dodging        | |  2.4
Unarmed Combat | |  3.9
Spellcasting   | |  2.4
Transmutations | |  2.4

Action                   |  1- 3 |  4- 6 || total
-------------------------+-------+-------++-------
Melee: Unarmed           |    58 |    11 ||    69
       Constrict         |    18 |     3 ||    21
       Tentacles         |    14 |     1 ||    15
       Kick              |     4 |       ||     4
       Punch             |     1 |       ||     1
 Cast: Beastly Appendage |     8 |     3 ||    11
 Stab: Sleeping          |     4 |       ||     4
  Eat: Chunk             |       |     2 ||     2
Armor: Skin              |     7 |     1 ||     8
Dodge: Dodged            |    38 |     4 ||    42
